AoeStats
← HR Pinkman

Arabia

508620046Analyzed
1v1 RM · 8d ago on Sep 23, 2026· 53m 43s· 2 players
Game mode
Random Map
Map size
Tiny (2 player)
Population
200
Speed
Normal
Resources
Standard
Victory
Conquest
Starting age
Dark Age
Ending age
Imperial Age
RankedLock teamsTeams togetherTeam positionsShared explorationLock speedFull tech treeHidden civsTurbo modeCheats
Victory
Defeat
🇨🇱 Saxons · Chile
2161
+15
🇨🇳 Danes · China
2140
-15
Yusutia
6:05 Loom
9:09 Feudal Age
9:45 Double-Bit Axe
11:17 Horse Collar
19:34 Castle Age
17:54 Fletching
19:22 Gold Mining
19:35 Padded Archer Armor
19:37 Crossbowman
20:35 Bodkin Arrow
27:11 Ballistics
29:02 Stone Mining
29:51 Heavy Plow
32:33 Wheelbarrow
31:44 Town Watch
37:48 Imperial Age
36:53 Leather Archer Armor
37:43 Gold Shaft Mining
37:25 Husbandry
37:34 Elite Skirmisher
38:33 Bracer
39:28 Conscription
39:49 Bloodlines
41:00 Chemistry
41:43 Ring Archer Armor
41:24 Forging
41:19 Scale Barding Armor
40:54 Capped Ram
41:45 Siege Ram
45:18 Heavy Mounted Crossbowman
45:18 Cranequins
46:04 Thumb Ring
52:17 Stone Shaft Mining
HR Pinkman
6:24 Loom
8:51 Feudal Age
9:37 Horse Collar
9:46 Double-Bit Axe
10:48 Horse Collar
20:23 Castle Age
18:26 Gold Mining
18:47 Fletching
19:30 Padded Archer Armor
21:09 Bodkin Arrow
20:35 Elite Skirmisher
22:25 Ballistics
23:09 Bloodlines
22:59 Husbandry
28:19 Wheelbarrow
29:04 Leather Archer Armor
29:22 Bow Saw
35:33 Hand Cart
38:37 Imperial Age
37:30 Heavy Plow
38:15 Crossbowman
39:00 Thumb Ring
38:43 Cranequins
39:24 Bracer
39:55 Ring Archer Armor
40:33 Chemistry
39:20 Arbalester
43:10 Masonry
44:55 Scale Mail Armor
45:06 Forging
45:57 Conscription
45:58 Chain Mail Armor
45:36 Clerical Recruitment
45:39 Shield Wall
47:37 Squires
47:22 Arson
48:09 Plate Mail Armor
48:04 Elite Hearth Troop
49:58 Iron Casting
Connection lost

Rejoining the realm…

Still unreachable

The connection could not be restored.

Session expired

The server has moved on; the page needs a fresh start.